 Dungeon Crawl Stone Soup version 0.29.1-1-gd02db6906a (webtiles) character file.

Game seed: 963930602809389241

168 Hadkhar the Trooper (level 5, -3/39 (44) HPs)
             Began as a Palentonga Abyssal Knight on Sept 27, 2022.
             Was a Priest of Lugonu.
             Shot with an arrow by a centaur (5 damage)
             ... on level 7 of the Dungeon.
             The game lasted 00:14:27 (3964 turns).

Hadkhar the Trooper (Palentonga Abyssal Knight)     Turns: 3964, Time: 00:14:27

HP:   -3/39 (44)    AC:  7    Str: 27    XL:     5   Next: 23%
MP:   6/6           EV:  8    Int: 10    God:    Lugonu [***...]
Gold: 78            SH:  3    Dex: 10    Spells: 4/4 levels left

rFire   . . .      SeeInvis +   a - +1 hand axe
rCold   . . .      Faith    .   n - +0 buckler
rNeg    . . .      Spirit   .   m - +0 ring mail
rPois   .          Reflect  .   (no helmet)
rElec   .          Harm     .   o - +0 cloak
rCorr   .          Rampage  .   (no gloves)
Will    .....                   (no barding)
Stlth   ..........              (no amulet)
HPRegen 0.13/turn               d - +6 ring of strength
MPRegen 0.10/turn               (no ring)

@: heavily drained
A: large, rugged brown scales 3, see invisible, deformed body, roll 1, armoured
tail
a: Rolling Charge, Renounce Religion, Depart the Abyss, Bend Space, Banish


You were on level 7 of the Dungeon.
You worshipped Lugonu.
Lugonu was most pleased with you.
You visited 1 branch of the dungeon, and saw 6 of its levels.
You visited the Abyss 1 time.

You collected 78 gold pieces.

Inventory:

Hand Weapons
 a - a +1 hand axe (weapon)
Missiles
 k - a throwing net
Armour
 m - a +0 ring mail (worn)
 n - a +0 buckler (worn)
 o - a +0 cloak (worn)
Jewellery
 d - a +6 ring of strength (left hand)
Scrolls
 b - a scroll of enchant armour {unknown}
 c - a scroll of vulnerability {unknown}
 e - 3 scrolls of identify {unknown}
 g - a scroll of amnesia {unknown}
 i - a scroll of blinking {unknown}
 l - a scroll of acquirement {unknown}
Potions
 f - 2 potions of curing {unknown}
 h - a potion of might {unknown}
 j - a potion of lignification {unknown}


   Skills:
 + Level 4.1 Fighting
 + Level 3.4 Axes
 + Level 2.8 Armour
 - Level 0.7 Dodging
 + Level 2.4 Invocations


You had 4 spell levels left.
You didn't know any spells.
Your spell library contained the following spells:

 Spells                   Type           Power      Damage    Failure   Level
 Beastly Appendage        Tmut           0%         N/A       56%         1
 Magic Dart               Conj           0%         1d3       56%         1
 Poisonous Vapours        Pois/Air       0%         N/A       71%         2
 Searing Ray              Conj           0%         2d4       71%         2
 Wereblood                Tmut           0%         N/A       71%         2
 Spider Form              Tmut/Pois      0%         N/A       91%         3
 Corpse Rot               Necr/Pois/Air  0%         N/A       100%        4
 Fulminant Prism          Conj/Hex       0%         3d6       100%        4


Dungeon Overview and Level Annotations

Branches:
Dungeon (7/15)
 Temple: D:4-7

Altars:
Sif Muna
Yredelemnul

Shops:
D:1 *?

Annotations:
D:2 1 runed translucent door, Crazy Yiuf


Innate Abilities, Weirdness & Mutations

You are completely covered in rugged brown scales. (AC +3, +7% HP)
You have supernaturally acute eyesight. (SInv)
Armour fits poorly on your strangely shaped body.
You can roll at nearby foes to attack.
You have a long armoured tail.


Message History

You slide downwards.
The hatch slams shut behind you.
The kobold brigand shouts!
The kobold shouts! x2
Found a notched copper ring, a scale mail and a rapier.
Roll where?
Press: ? - help, Q - select action, (/) - cycle Dir - move target, f - kobold brigand
Aim: a kobold brigand, wielding a +0 short sword and quivering poisoned darts You roll forward with a clatter of scales!
A kobold and an ice beast come into view.
You miss the kobold brigand.
The kobold shouts!
Your tail-slap misses the kobold brigand.
The kobold brigand hits you but does no damage.
The ice beast moves out of view.
The kobold brigand barely misses you.
The kobold brigand attacks as you move away!
You block the kobold brigand's attack.
Roll where?
Press: ? - help, Q - select action, (/) - cycle Dir - move target, f - ice beast, p - kobold brigand
Aim: an ice beast You roll forward with a clatter of scales!
Found a scroll labelled HUTSUCS WOTI.
Found an escape hatch in the ceiling.
You barely miss the ice beast. You closely miss the kobold.
The ice beast hits you.
* * * LOW HITPOINT WARNING * * *
The ice beast freezes you.
* * * LOW HITPOINT WARNING * * *
The kobold barely misses you. The kobold attacks as you move away!
The kobold hits you with a +0 short sword.
* * * LOW HITPOINT WARNING * * *
The ice beast closely misses you.
The ice beast hits you but does no damage.
You block the ice beast's attack.
A centaur comes into view.
Found a stone staircase leading down.
The centaur shouts!
The centaur wields a +0 shortbow.
The centaur shoots an arrow.
The arrow hits you.
You die...

#........#
####........#
.........####
####KK#.##
#...Ko..#
#.Ks#####
#KY.# #...#
#@..# #<...#
....?.#
..####### .>.
.c .


You could see an ice beast, a kobold brigand, a centaur, a scorpion and 4
kobolds.

Vanquished Creatures
  2 orc wizards (D:2)
  5 adders
  3 worms
  2 dart slugs
  3 orcs (D:3)
  5 ball pythons
  4 bats
  7 endoplasms
  A giant cockroach (D:1)
  3 goblins
  5 hobgoblins
  4 jackals
  3 kobolds
  3 quokkas
  A frilled lizard (D:1)
  4 rats
55 creatures vanquished.

Vanquished Creatures (others)
  An orc wizard (D:2)
  5 fungi (D:2)
  9 plants (D:1)
  11 withered plants (D:1)
26 creatures vanquished.

Grand Total: 81 creatures vanquished

Notes
Turn   | Place    | Note
-------+----------+-------------------------------------------
     0 | Abyss:1  | Hadkhar the Palentonga Abyssal Knight began the quest for
                  | the Orb.
     0 | Abyss:1  | Reached XP level 1. HP: 19/19 MP: 2/2
     1 | D:1      | Escaped the Abyss
   130 | D:1      | Found Moid Doumez's Assorted Antiques.
   323 | D:1      | Reached XP level 2. HP: 19/25 MP: 3/3
   425 | D:1      | Found Ric Qah's Magic Scroll Emporium.
   479 | D:1      | Found a faded altar of an unknown god.
   990 | D:2      | Found a runed translucent door.
   991 | D:2      | Noticed Crazy Yiuf
  1306 | D:2      | Reached XP level 3. HP: 20/31 MP: 4/4
  1319 | D:2      | Reached XP level 4. HP: 15/39 MP: 5/5
  2110 | D:2      | Reached *** piety under Lugonu
  2111 | D:2      | Reached skill level 4 in Fighting
  2970 | D:3      | Reached XP level 5. HP: 37/38 MP: 6/6
  3831 | D:3      | Found a basalt altar of Yredelemnul.
  3931 | D:4      | Found a shimmering blue altar of Sif Muna.
  3931 | D:4      | You fall into a shaft and drop 2 floors!
  3936 | D:6      | Noticed a centaur
  3956 | D:7      | Noticed an ice beast
  3964 | D:7      | Noticed a centaur
  3964 | D:7      | Shot with an arrow by a centaur

Illustrated notes

Levels and vault maps discovered:
D:1:      amcnicky_arrival_wind_blow, layout_rooms, serial_shops,
          nicolae_shop_waterfront, shop, shapermc_ecumenical_altar_flowoftime,
          hex_intersection
D:2:      layout_loops_cross, chequers_serial_rivers_small_a,
          hangedman_decor_push, uniq_crazy_yiuf_cottage
D:3:      minmay_door_path, layout_rooms, marbit_many_paths,
          minmay_quadrilaterals
D:4:      layout_basic, mainiacjoe_overflow_boulevard
D:6:      layout_rooms, grunt_dithmenos_smoke, minmay_temple_entry_poolview,
          gup_sewer_entry_bowl, st_stairs_1, minivault_19,
          minmay_fractal_squares_diagonal_5
D:7:      layout_basic, mainiacjoe_overflow_alcove_2

Skill      XL: |  1  2  3  4 |
---------------+-------------+-----
Armour         | 2 |  2.8
Axes           | 3 |  3.4
Fighting       | 4 |  4.1
Dodging        | |  0.7
Invocations    | |  2.4

Action                   |  1- 3 |  4- 6 || total
-------------------------+-------+-------++-------
Melee: Hand axe          |    82 |   107 ||   189
       Tailslap          |     8 |     9 ||    17
       Punch             |     1 |       ||     1
 Abil: Rolling Charge    |     8 |    19 ||    27
Armor: Leather armour    |    25 |    30 ||    55
       Ring mail         |       |    28 ||    28
Dodge: Dodged            |    30 |    46 ||    76
Block: Buckler           |       |     7 ||     7
